 Dungeon Crawl Stone Soup version 0.29.1-1-gd02db6906a (webtiles) character file.

Game seed: 4754956199938015345

72 MatsuoBasho the Trooper (level 4, -3/40 HPs)
             Began as a Draconian Monk on Oct 12, 2022.
             Slain by a river rat (5 damage)
             ... in a sewer.
             The game lasted 00:03:47 (1088 turns).

MatsuoBasho the Trooper (Draconian Monk)            Turns: 1088, Time: 00:03:47

Health: -3/40      AC:  5    Str: 16    XL:     4   Next: 7%
Magic:  5/5        EV: 13    Int: 10    God:
Gold:   77         SH:  0    Dex: 13    Spells: 4/4 levels left

rFire   . . .      SeeInvis .     - Unarmed
rCold   + . .      Faith    .   (no shield)
rNeg    . . .      Spirit   .   (body armour unavailable)
rPois   .          Reflect  .   (helmet restricted)
rElec   .          Harm     .   (no cloak)
rCorr   .          Rampage  .   (no gloves)
Will    .....                   (no boots)
Stlth   +.........              (no amulet)
HPRegen 0.13/turn               (no ring)
MPRegen 0.09/turn               (no ring)

@: very slow
A: AC +5, unfitting armour, cold-blooded, stinger 1, cold resistance 1
a: no special abilities


You were in a sewer.
You visited 1 branch of the dungeon, and saw 4 of its levels.
You also visited: Sewer.

You collected 77 gold pieces.

Inventory:

Scrolls
 b - a scroll of teleportation {unknown}
Potions
 a - a potion of ambrosia
 c - a potion of curing {unknown}
 f - a potion of haste {unknown}


   Skills:
 * Level 3.9 Fighting
 * Level 3.3 Dodging
 * Level 2.1 Stealth
 * Level 3.6 Unarmed Combat
 * Level 0.8 Spellcasting


You had 4 spell levels left.
You didn't know any spells.
Your spell library was empty.

Dungeon Overview and Level Annotations

Branches:
Dungeon (4/15)              Sewer (1/1)
 Temple: D:4-7

Altars:

Shops:
D:4 [


Innate Abilities, Weirdness & Mutations

Your plain brown scales are hard. (AC +5)
You cannot fit into any form of body armour.
You are cold-blooded and may be slowed by cold attacks.
Your tail ends in a venomous barb.
Your flesh is cold resistant. (rC+)


Message History

The rat barely misses you. The rat closely misses you.
You hit the river rat.
The river rat is moderately wounded.
The river rat bites you!
* * * LOW HITPOINT WARNING * * *
The rat twitches its whiskers.
The rat bites you.
* * * LOW HITPOINT WARNING * * *
The river rat attacks as you move away!
The river rat bites you but does no damage.
The river rat attacks as you move away! The river rat barely misses you.
The rat barely misses you.
You hit the river rat.
Your tail-slap misses the river rat.
The river rat is severely wounded.
The river rat bites you but does no damage.
The rat barely misses you.
You closely miss the river rat.
The river rat is severely wounded.
The river rat bites you but does no damage.
The rat bites you but does no damage. The rat bites you.
* * * LOW HITPOINT WARNING * * *
The rat attacks as you move away! The rat bites you but does no damage.
The rat attacks as you move away! The rat bites you.
* * * LOW HITPOINT WARNING * * *
The rat attacks as you move away! The rat bites you but does no damage.
The river rat attacks as you move away! The river rat bites you.
* * * LOW HITPOINT WARNING * * *
You enter the shallow water.
Moving in this stuff is going to be slow.
You see here a ball python corpse.
The river rat misses you.
The river rat bites you but does no damage.
You see here a rat corpse.
The river rat attacks as you move away!
The river rat bites you but does no damage.
The river rat bites you but does no damage.
The river rat barely misses you. The river rat attacks as you move away!
The river rat misses you. The river rat bites you.
You die...

......##+##......##
#..∩∩. .....#
##...†..# #.....
..... ##~~†..#
#.~~.. ~≈≈≈
#≈≈≈†≈≈# #≈≈≈~≈
~≈≈≈ #≈≈≈r≈≈#
#≈≈≈~≈ #≈≈≈r≈≈#
#≈≈~≈≈ #≈≈r≈≈≈#
#≈≈~≈≈ #≈#r≈≈≈#
#≈≈~≈≈ #≈@≈≈≈≈#
#≈≈~≈≈ #≈~≈≈≈≈#
#≈≈≈~≈ #~≈≈≈≈≈#
#≈≈≈~. #.≈≈≈≈≈#
#≈≈#~≈ #~≈≈≈≈≈#
#≈.~≈≈ #≈~≈≈≈≈#
#≈≈~≈≈ #≈~≈≈≈≈#
#≈≈~≈≈ #≈≈~≈≈≈#
#≈≈~≈≈ #≈≈~≈≈≈#
#≈≈~≈≈


You could see a river rat and 3 rats.

Vanquished Creatures
  2 adders
  2 river rats (Sewer)
  An ufetubus (D:4)
  A dart slug (D:1)
  5 ball pythons
  2 endoplasms
  A goblin (D:1)
  2 hobgoblins
  A quokka (D:3)
  2 frilled lizards
  A kobold (D:3)
  16 rats
36 creatures vanquished.

Notes
Turn   | Place    | Note
-------+----------+-------------------------------------------
     0 | D:1      | MatsuoBasho the Draconian Monk began the quest for the Orb.
     0 | D:1      | Reached XP level 1. HP: 19/19 MP: 1/1
   129 | D:2      | Reached XP level 2. HP: 25/26 MP: 2/2
   403 | D:4      | Gained mutation: Your flesh is cold resistant. (rC+)
                  | [potion of mutation]
   403 | D:4      | Gained mutation: Your tail ends in a venomous barb. [potion
                  | of mutation]
   407 | D:4      | Found Etryg's Antique Armour Boutique.
   475 | D:4      | Reached XP level 3. HP: 32/33 MP: 3/3
   518 | D:4      | Found a glowing drain.
   549 | Sewer    | Entered a sewer
  1039 | Sewer    | Reached XP level 4. HP: 37/40 MP: 5/5
  1082 | Sewer    | HP: 1/40 [river rat (3)]
  1088 | Sewer    | Slain by a river rat

Illustrated notes

Levels and vault maps discovered:
D:1:      dpeg_arrival_signposts, layout_loops_ring, serial_shops, shop,
          hellmonk_ecumenical_altar_inner_sanctum
D:2:      layout_basic, minmay_misc_feat_rugged, minmay_misc_feat_five
D:3:      layout_basic, lemuel_doored_altar, serial_shops, shop, minmay_circle_x
D:4:      layout_loops_ring, nicolae_overflow_hidden_temple, serial_shops, shop,
          nicolae_shop_statue_plus, shop, portal_sewer_entry_d
Sewer:    sewer_minmay_w

Skill      XL: |  1  2  3 |
---------------+----------+-----
Dodging        | 3 |  3.3
Stealth        | 2 |  2.1
Fighting       | |  3.9
Unarmed Combat | |  3.6
Spellcasting   | |  0.8

Action                   |  1- 3 |  4- 6 || total
-------------------------+-------+-------++-------
Melee: Unarmed           |   105 |    22 ||   127
       Tailslap          |    13 |     2 ||    15
       Punch             |     2 |       ||     2
  Use: Potion            |     3 |       ||     3
       Scroll            |     1 |       ||     1
 Stab: Sleeping          |     1 |       ||     1
Armor: Skin              |    48 |    22 ||    70
Dodge: Dodged            |   103 |    31 ||   134
